 Dungeon Crawl Stone Soup version 0.27.1-34-g3ba077fa99 (webtiles) character file.

Game seed: 2533639911503255743

116104 LustLizard the Warrior (level 16, -12/232 HPs)
             Began as a Minotaur Berserker on Jan 16, 2022.
             Was a High Priest of Trog.
             Hit by a javelin thrown by a merfolk javelineer (17 damage)
             ... on level 1 of the Shoals.
             The game lasted 01:42:58 (32146 turns).

LustLizard the Warrior (Minotaur Berserker)        Turns: 32146, Time: 01:42:58

Health: -12/232    AC: 23    Str: 23    XL:     16   Next: 20%
Magic:  15/15      EV:  9    Int:  7    God:    Trog [*****.]
Gold:   32         SH:  7    Dex:  9    Spells: 15/15 levels left

rFire    + . .     SeeInvis +   Z - +5 whip "Newt's Peril" {venom, Fragile rElec rC+ Stlth+}
rCold    + + .     Faith    .   g - +0 buckler
rNeg     . . .     Spirit   .   i - +6 chain mail {rPois}
rPois    +         Reflect  .   N - +0 hat {Will+}
rElec    +         Harm     .   K - scarf {rC+ rF+}
rCorr    +         Rampage  .   f - +2 pair of gloves
Will     +++..                  R - +0 pair of boots
Stlth    ..........             (no amulet)
HPRegen  0.48/turn              c - ring "Xaeskumn" {rElec rPois rCorr Slay+4 SInv}
MPRegen  0.14/turn              o - ring of willpower

@: berserking (expiring), very quick
A: horns 2, retaliatory headbutt, clumsy 2
a: Renounce Religion, Berserk, Trog's Hand, Brothers in Arms


You were on level 1 of the Shoals.
You worshipped Trog.
Trog was extremely pleased with you.
You visited 4 branches of the dungeon, and saw 22 of its levels.
You also visited: Gauntlet and Ice Cave.

You collected 2889 gold pieces.
You spent 2857 gold pieces at shops.

Inventory:

Hand Weapons
 F - the +4 morningstar of Honesty {antimagic, Drain rF+ Str+4 Dex+3}
   (You found it on level 8 of the Dungeon)

   It reduces the magical energy of the wielder, and disrupts the spells and
   magical abilities of those it strikes.
   Natural abilities and divine invocations are not affected.
   Str:       It affects your strength (+4).
   Dex:       It affects your dexterity (+3).
   rF:        It protects you from fire.
   Drain:     It drains your maximum health when unequipped.
 Z - the +5 whip "Newt's Peril" (weapon) {venom, Fragile rElec rC+ Stlth+}
   (You found it in a Gauntlet)

   It poisons the flesh of those it strikes.
   rC:        It protects you from cold.
   rElec:     It insulates you from electricity.
   Fragile:   It will be destroyed if unequipped.
   Stlth:     It makes you more stealthy.
Missiles
 q - 5 curare-tipped darts
 r - 25 boomerangs
 u - 34 poisoned darts
 I - 2 throwing nets
 S - 2 javelins
 V - 8 silver boomerangs
Armour
 f - a +2 pair of gloves (worn)
 g - a +0 buckler (worn)
 i - a +6 chain mail of poison resistance (worn)
 j - a +1 cloak
 A - a +2 chain mail of fire resistance
 K - a scarf of resistance (worn)
 N - a +0 hat of willpower (worn)
 R - a +0 pair of boots (worn)
 U - the +0 plate armour "Guyjedong" {Dex+6 Stlth+}
   (You bought it in a shop on level 2 of the Orcish Mines)

   Dex:       It affects your dexterity (+6).
   Stlth:     It makes you more stealthy.
Jewellery
 b - a ring of resist corrosion
 c - the ring "Xaeskumn" (left hand) {rElec rPois rCorr Slay+4 SInv}
   (You acquired it on level 1 of the Shoals)

   [ring of slaying]

   Slay:      It affects your accuracy & damage with ranged weapons and melee
   (+4).
   rElec:     It insulates you from electricity.
   rPois:     It protects you from poison.
   SInv:      It lets you see invisible.
   rCorr:     It protects you from acid and corrosion.
 h - a ring of flight
 o - a ring of willpower (right hand)
 D - a ring of protection from cold
 Q - a ring of protection from fire
 Y - the ring "Zyich" {*Slow Fly rPois rC+ Will+ Str+2}
   (You found it in a Gauntlet)

   [ring of willpower]

   Str:       It affects your strength (+2).
   rC:        It protects you from cold.
   rPois:     It protects you from poison.
   Fly:       It grants you flight.
   *Slow:     It may slow you when you take damage.
   Will:      It increases your willpower.
Wands
 d - a wand of digging (3)
 n - a wand of polymorph (14)
 p - a wand of mindburst (26) (quivered)
 x - a wand of acid (29)
 y - a wand of iceblast (45)
 C - a wand of paralysis (24)
 G - a wand of flame (49)
 M - a wand of charming (17)
Scrolls
 l - 5 scrolls of enchant weapon
 m - 6 scrolls of teleportation
 t - 2 scrolls of immolation
 z - a scroll of fog
 B - a scroll of fear
 E - 3 scrolls of identify
 H - a scroll of enchant armour
 J - a scroll of silence
 O - a scroll of brand weapon
Potions
 a - 5 potions of haste
 e - 10 potions of curing
 k - 5 potions of lignification
 s - 3 potions of attraction
 v - 2 potions of mutation
 w - a potion of flight
 P - 5 potions of ambrosia
 T - a potion of resistance


   Skills:
 + Level 17.1 Fighting
 - Level 10.9(14.1) Axes
 - Level 14.7(16.0) Maces & Flails
 + Level 9.9 Throwing
 + Level 12.0 Armour
 - Level 2.1 Dodging
 * Level 15.2 Shields
 - Level 9.0 Evocations


You had 15 spell levels left.
You didn't know any spells.
Your spell library was empty.

Dungeon Overview and Level Annotations

Branches:
Dungeon (13/15)            Temple (0/1) D:6            Lair (6/6) D:10
 Shoals (1/4) Lair:4       Spider (0/4) Lair:4        Slime (0/5) Lair:6
    Orc (2/2) D:10            Elf (0/3) Orc:2         IceCv (visited)
Gauntlet (visited)
 Vaults: D:13-14

Altars:
Ashenzari
Dithmenos
Elyvilon
Fedhas
Gozag
Hepliaklqana
Makhleb
Okawaru
Qazlal
Sif Muna
Trog
Uskayaw
Wu Jian
Beogh

Shops:
D:5 [   D:9 *?!*   Orc:2 !?![

Portals:
Abyss: Lair:6

Annotations:
Lair:4 2 transporters, Zaegoraum's ghost, journeyman DsAK
Lair:6 1 transporter, Lutefisk's ghost, journeyman DjVM


Innate Abilities, Weirdness & Mutations

You have a pair of horns on your head.
You reflexively headbutt those who attack you in melee.
You are very clumsy. (Dex -4)


Message History

* * * LOW HITPOINT WARNING * * *
Aiming: Mindburst
Press: ? - help, Q - select action, (/) - cycle Shift-Dir - straight line, f/p - merfolk javelineer
Aim: a merfolk javelineer, wielding a +0 spear, wearing a +0 leather armour and quivering javelins (chance to affect: 63%)
The merfolk javelineer resists with significant effort.
The merfolk javelineer throws a javelin.
The javelin pierces through you.
* * * LOW HITPOINT WARNING * * *
Okay, then.
Blink to where?
Press: ? - help, Dir - move target, p - merfolk javelineer Splash!
You fall into the shallow water.
Moving in this stuff is going to be slow.
Found 22 stones.
As you read the scroll of blinking, it crumbles to dust.
You enter the shallow water.
Moving in this stuff is going to be slow.
The merfolk javelineer throws a javelin.
The javelin pierces through you!
* * * LOW HITPOINT WARNING * * *
A red film seems to cover your vision as you go berserk!
You feel yourself moving faster!
You feel mighty!
You feel a strong urge to attack something.
The merfolk javelineer hits you but does no damage.
You feel your anger nearly subside.
You thrash the merfolk javelineer!!
The merfolk javelineer is moderately wounded.
The merfolk javelineer throws a javelin.
The javelin pierces through you!
* * * LOW HITPOINT WARNING * * *
You whack the merfolk javelineer!
The merfolk javelineer looks as sick as possible!
The merfolk javelineer is heavily wounded.
You thrash the merfolk javelineer!!
The merfolk javelineer looks as sick as possible!
The merfolk javelineer is almost dead.
The merfolk javelineer throws a javelin.
The javelin pierces through you!
You die...

≈≈≈≈≈≈≈≈.≈≈≈......
≈≈≈≈..≈..≈≈......#
≈.........≈....≈.##
≈.......##≈≈..≈≈≈.##
≈.≈.##.##.≈≈≈≈≈≈≈≈.#
≈≈≈.......≈.≈..≈..#
≈!≈≈≈≈≈...(.......#
..≈≈≈≈≈......##...#
....≈≈≈≈≈÷....##@.###.≈
.....≈≈≈..)....≈m...(..≈
.....≈≈≈.....≈≈≈≈.......
.....≈≈≈≈≈≈≈≈≈≈≈≈≈..≈≈..
..≈P≈≈≈≈≈)≈≈≈≈≈≈≈≈≈.≈≈..
P≈≈≈≈≈≈≈≈≈≈≈≈..≈≈≈≈....≈
P≈≈≈≈≈≈≈≈≈≈≈≈...≈≈≈.....
≈..≈≈≈≈≈≈≈≈≈≈≈.≈≈≈≈.....
≈≈≈P≈≈≈≈≈≈≈≈≈≈≈P≈≈≈....


You could see a merfolk javelineer (extremely poisoned).

Vanquished Creatures
  Gastronok (Lair:2)
  An azure jelly (IceCv)
  A quicksilver ooze (IceCv)
  An entropy weaver (Gauntlet)
  Harold (Orc:1)
  A hell beast (Gauntlet)
  2 boulder beetles
  A centaur warrior (D:13)
  Fannar (D:10)
  16 hydras
  4 two-headed ogres
  A merfolk avatar (Shoals:1)
  3 catoblepae (Lair:6)
  A tengu warrior (D:11)
  11 death yaks (Lair:6)
  A sixfirhy (Lair:6)
  A lindwurm (Lair:5)
  2 wolf spiders
  A deep elf pyromancer (D:9)
  An orc knight (Orc:2)
  3 harpies (Shoals:1)
  6 orc sorcerers
  4 oklob plants
  3 cyclopes
  An ugly thing (D:13)
  5 manticores
  5 black mambas
  A merfolk siren (Shoals:1)
  4 elephants (Lair:4)
  2 ice statues (IceCv)
  Joseph (D:8)
  An unseen horror (D:11)
  Maurice (D:8)
  3 rime drakes (Lair:6)
  8 cane toads
  3 gargoyles (D:9)
  10 komodo dragons
  6 entropy weaver simulacra (IceCv)
  3 tengu conjurers
  A jumping spider (Gauntlet)
  A queen bee (Lair:5)
  2 trolls
  2 polar bears (Lair:6)
  3 meliai (Lair:5)
  A hornet (Lair:3)
  9 merfolk (Shoals:1)
  A wind drake (Shoals:1)
  26 slime creatures
  A snapping turtle (Lair:4)
  3 blink frogs (Lair:4)
  Grinder (D:3)
  5 dream sheep (Lair:6)
  2 shadows
  A redback (Gauntlet)
  Sigmund (D:4)
  49 yaks
  A vampire (D:10)
  7 basilisks
  A fire elemental (D:9)
  5 wyverns
  3 wraiths
  A neqoxec (Lair:6)
  4 vampire mosquitoes (D:10)
  4 steam dragons
  Menkaure (D:7)
  9 wargs
  3 demonic crawler simulacra (IceCv)
  A hell hound (Lair:6)
  21 water moccasins
  2 sky beasts
  An ice beast (D:8)
  3 ugly thing simulacra (IceCv)
  11 orc warriors
  3 black bears
  4 necrophages
  6 ogres
  9 wolves (Lair:3)
  20 centaurs
  12 bullfrogs
  2 glowing shapeshifter simulacra (IceCv)
  A gnoll sergeant (D:11)
  9 scorpions
  A wyvern zombie (D:7)
  A cane toad simulacrum (Lair:2)
  A water moccasin skeleton (D:5)
  2 elephant simulacra (Lair:2)
  20 killer bees (Lair:5)
  8 howler monkeys
  An electric eel (D:9)
  A bullfrog zombie (D:5)
  3 hounds
  A bullfrog skeleton (D:4)
  2 centaur skeletons
  13 orc priests
  3 jellies
  Ijyb (D:3)
  3 iguanas
  43 orc wizards
  6 hell rats
  A killer bee zombie (D:8)
  A wolf simulacrum (Lair:2)
  A hound skeleton (D:4)
  A howler monkey zombie (D:7)
  4 gnolls (D:11)
  A howler monkey skeleton (D:5)
  6 adders
  9 river rats (Lair:3)
  A white imp (D:7)
  2 adder skeletons (D:4)
  3 worms
  5 dart slugs
  84 orcs
  3 bats
  4 endoplasms
  3 giant cockroaches
  6 goblins
  5 hobgoblins
  2 jackals
  A quokka (D:4)
  7 ball pythons
  3 frilled lizards
  8 kobolds
  9 rats
  A butterfly (Lair:3)
656 creatures vanquished.

Vanquished Creatures (collateral kills)
  A minotaur (Gauntlet)
  A catoblepas (Lair:6)
  6 death yaks (Lair:6)
  4 fauns (Shoals:1)
  A manticore (Lair:6)
  An ugly thing (Lair:6)
  A water nymph (Shoals:1)
  A polar bear (Lair:6)
  A merfolk (Shoals:1)
  A wyvern (Lair:6)
  7 yaks (Lair:6)
25 creatures vanquished.

Vanquished Creatures (others)
  A slime creature (IceCv)
  4 orc wizards
  An orc (D:5)
  65 bushes (Lair:6)
  80 fungi
  114 plants
  5 tentacles (Shoals:1)
270 creatures vanquished.

Grand Total: 951 creatures vanquished

Notes
Turn   | Place    | Note
-------+----------+-------------------------------------------
     0 | D:1      | LustLizard the Minotaur Berserker began the quest for the
                  | Orb.
     0 | D:1      | Reached XP level 1. HP: 19/19 MP: 0/0
   238 | D:1      | Reached XP level 2. HP: 27/27 MP: 1/1
   411 | D:1      | Reached ** piety under Trog
   412 | D:1      | Reached skill level 4 in Fighting
   755 | D:2      | Reached XP level 3. HP: 33/33 MP: 2/2
   904 | D:2      | Found a faded altar of an unknown god.
   957 | D:2      | Reached skill level 1 in Throwing
  1397 | D:3      | Reached XP level 4. HP: 34/40 MP: 3/3
  1547 | D:3      | Noticed Ijyb
  1561 | D:3      | Killed Ijyb
  1562 | D:3      | Reached skill level 5 in Axes
  1563 | D:3      | Reached XP level 5. HP: 47/47 MP: 4/4
  1749 | D:3      | Found a bloodstained altar of Trog.
  1867 | D:3      | Noticed Grinder
  1879 | D:3      | Killed Grinder
  1880 | D:3      | Reached XP level 6. HP: 41/55 MP: 5/5
  2208 | D:4      | Found a stormy altar of Qazlal.
  2343 | D:4      | Reached skill level 5 in Fighting
  2714 | D:4      | Reached *** piety under Trog
  2715 | D:4      | Reached XP level 7. HP: 45/61 MP: 6/6
  2874 | D:4      | Noticed Sigmund
  2885 | D:4      | Killed Sigmund
  2992 | D:4      | Found an iron altar of Okawaru.
  3273 | D:5      | Entered Level 5 of the Dungeon
  3398 | D:5      | Found Vymoxal's Armour Shop.
  3409 | D:5      | Bought a +0 buckler for 67 gold pieces
  3476 | D:5      | Found a blossoming altar of Fedhas.
  3477 | D:5      | Found a white marble altar of Elyvilon.
  3524 | D:5      | Reached skill level 1 in Shields
  3550 | D:5      | Reached XP level 8. HP: 63/70 MP: 7/7
  3602 | D:5      | Found a hide-covered altar of Uskayaw.
  3637 | D:5      | Reached skill level 6 in Fighting
  4015 | D:5      | Found a shimmering blue altar of Sif Muna.
  4142 | D:5      | Found a shadowy altar of Dithmenos.
  4142 | D:5      | Found a burning altar of Makhleb.
  4412 | D:6      | Reached skill level 5 in Shields
  4570 | D:6      | Found a broken altar of Ashenzari.
  4592 | D:6      | Reached skill level 7 in Fighting
  4954 | D:6      | Found a staircase to the Ecumenical Temple.
  4961 | D:6      | Reached XP level 9. HP: 76/79 MP: 8/8
  5482 | D:7      | Reached skill level 10 in Axes
  5517 | D:7      | Reached **** piety under Trog
  5713 | D:7      | Found a hazy altar of Hepliaklqana.
  5751 | D:7      | Noticed Menkaure
  5807 | D:7      | Killed Menkaure
  6106 | D:7      | Reached skill level 8 in Fighting
  6165 | D:7      | Reached skill level 1 in Evocations
  6330 | D:7      | Found an opulent altar of Gozag.
  6381 | D:7      | Reached skill level 5 in Armour
  6671 | D:8      | Identified the +4 morningstar of Honesty {antimagic, Drain
                  | rF+ Str+4 Dex+3}
  6678 | D:8      | Noticed a two-headed ogre
  6688 | D:8      | Killed a two-headed ogre
  6689 | D:8      | Reached XP level 10. HP: 66/90 MP: 3/9
  6946 | D:8      | Noticed Maurice
  7020 | D:8      | Killed Maurice
  7254 | D:8      | Noticed a cyclops
  7380 | D:8      | Killed a cyclops
  7725 | D:8      | Reached skill level 9 in Fighting
  7792 | D:8      | Noticed Joseph
  7802 | D:8      | Killed Joseph
  7803 | D:8      | Reached skill level 5 in Maces & Flails
  8173 | D:9      | Noticed a gargoyle
  8174 | D:9      | Found Ralurh Zana's Assorted Antiques.
  8183 | D:9      | Noticed a gargoyle
  8187 | D:9      | Killed a gargoyle
  8293 | D:9      | Noticed a deep elf pyromancer
  8300 | D:9      | Killed a deep elf pyromancer
  8562 | D:9      | Noticed a gargoyle
  8566 | D:9      | Killed a gargoyle
  8567 | D:9      | Reached XP level 11. HP: 99/99 MP: 3/10
  8921 | D:9      | Found an ornate altar of the Wu Jian Council.
  8933 | D:9      | Identified a scroll of acquirement
  8934 | D:9      | Acquired a manual of Fighting
  9035 | D:9      | Found Buump's Assorted Antiques.
  9051 | D:9      | Found Vyxzuv's Book Emporium.
  9089 | D:9      | Found Qoxtoeta's Magic Scroll Shoppe.
  9099 | D:9      | Bought a scroll of blinking for 112 gold pieces
  9186 | D:9      | Found Ulutebra's Distillery.
  9559 | D:10     | Entered Level 10 of the Dungeon
  9581 | D:10     | Reached skill level 10 in Fighting
  9985 | D:10     | Reached skill level 5 in Evocations
 10250 | D:10     | Noticed a two-headed ogre
 10259 | D:10     | Killed a two-headed ogre
 10265 | D:10     | You fall into a shaft and drop 3 floors!
 10277 | D:13     | Noticed a brown ugly thing
 10289 | D:13     | Killed a brown ugly thing
 10418 | D:13     | Noticed a wolf spider
 10424 | D:13     | Killed a wolf spider
 10425 | D:13     | Reached skill level 11 in Fighting
 10683 | D:13     | Noticed a centaur warrior
 10696 | D:13     | Killed a centaur warrior
 10828 | D:13     | Reached skill level 10 in Maces & Flails
 11123 | D:12     | Reached ***** piety under Trog
 11344 | D:12     | Reached skill level 12 in Fighting
 11360 | D:11     | Reached XP level 12. HP: 112/112 MP: 3/11
 12390 | D:11     | Noticed a tengu warrior
 12414 | D:11     | Killed a tengu warrior
 12836 | D:10     | Noticed a two-headed ogre
 12853 | D:10     | Killed a two-headed ogre
 12853 | D:10     | Received a gift from Trog
 12886 | D:10     | Noticed a two-headed ogre
 12893 | D:10     | Killed a two-headed ogre
 12920 | D:10     | Noticed Fannar
 12935 | D:10     | Killed Fannar
 12936 | D:10     | Reached skill level 13 in Fighting
 12962 | D:10     | Found a staircase to the Lair.
 13214 | D:10     | Found a staircase to the Orcish Mines.
 13269 | Orc:1    | Entered Level 1 of the Orcish Mines
 13334 | Orc:1    | Noticed Harold
 13345 | Orc:1    | Killed Harold
 13632 | Orc:2    | Entered Level 2 of the Orcish Mines
 14315 | Orc:2    | Found Toerchem's Antique Armour Shoppe.
 14334 | Orc:2    | Found Joutoxtu's Distillery.
 14505 | Orc:2    | Reached skill level 5 in Throwing
 14822 | Orc:2    | Found a staircase to the Elven Halls.
 15072 | Orc:2    | Found Hinwibu's Magic Scroll Shoppe.
 15072 | Orc:2    | Found Diri's Distillery.
 15080 | Orc:2    | Reached XP level 13. HP: 113/121 MP: 4/12
 15080 | Orc:2    | Received a gift from Trog
 15758 | D:5      | Bought a +3 chain mail of poison resistance for 352 gold
                  | pieces
 15855 | D:9      | Bought a scroll of acquirement for 780 gold pieces
 15855 | D:9      | Acquired 798 gold pieces
 15892 | D:9      | Bought a potion of experience for 650 gold pieces
 15892 | D:9      | Reached XP level 14. HP: 130/130 MP: 4/13
 15968 | Lair:1   | Entered Level 1 of the Lair of Beasts
 16048 | Lair:1   | Reached skill level 10 in Shields
 16051 | Lair:1   | Reached skill level 14 in Fighting
 17301 | Lair:1   | You fall into a shaft and drop 1 floor!
 17356 | Lair:2   | Found a frozen archway.
 17464 | IceCv    | Entered an ice cave
 17644 | IceCv    | Noticed a quicksilver ooze
 17659 | IceCv    | Killed a quicksilver ooze
 19013 | IceCv    | Found a viscous altar of Jiyva.
 19013 | IceCv    | Noticed an azure jelly
 19024 | IceCv    | Killed an azure jelly
 19317 | IceCv    | Identified the amulet of Josag {RegenMP -Tele rN+++ Regen+}
 19816 | Lair:2   | Received a gift from Trog
 19835 | Lair:2   | Reached skill level 15 in Fighting
 20377 | Lair:2   | Noticed Gastronok
 20389 | Lair:2   | Killed Gastronok
 21292 | Lair:3   | Reached skill level 10 in Armour
 21447 | Lair:3   | Identified the +0 robe "Mejoschu" {Str+3 Int+3 Dex+3}
 21841 | Lair:4   | Found a transporter.
 21847 | Lair:4   | Noticed Zaegoraum's ghost (journeyman DsAK)
 21851 | Lair:4   | Found a gate leading to a gauntlet.
 21861 | Gauntlet | Entered a Gauntlet
 21861 | Gauntlet | Found a transporter.
 21870 | Gauntlet | Found a transporter.
 21873 | Gauntlet | Found a transporter.
 21876 | Gauntlet | Found a transporter.
 21876 | Gauntlet | Found a transporter.
 21877 | Gauntlet | Found a transporter.
 21893 | Gauntlet | Found a transporter.
 21893 | Gauntlet | Found a transporter.
 21930 | Gauntlet | Found a transporter.
 21948 | Gauntlet | Found a transporter.
 21952 | Gauntlet | Found a transporter.
 21962 | Gauntlet | Found a transporter.
 21991 | Gauntlet | Identified the ring "Zyich" {*Slow Fly rPois rC+ Will+
                  | Str+2}
 22117 | Gauntlet | Identified the +5 whip "Newt's Peril" {venom, Fragile rElec
                  | rC+ Stlth+}
 22131 | Gauntlet | Reached XP level 15. HP: 90/141 MP: 4/14
 22671 | Lair:4   | Found a staircase to the Shoals.
 22671 | Lair:4   | You fall into a shaft and drop 2 floors!
 22671 | Lair:6   | Entered Level 6 of the Lair of Beasts
 23384 | Lair:6   | Reached skill level 16 in Fighting
 23493 | Lair:6   | Found a transporter.
 23581 | Lair:6   | Found a transporter.
 23584 | Lair:6   | Found a one-way gate to the infinite horrors of the Abyss.
 23584 | Lair:6   | Noticed Lutefisk's ghost (journeyman DjVM)
 25387 | Lair:5   | Received a gift from Trog
 26456 | Lair:4   | Found a hole to the Spider Nest.
 26991 | Lair:4   | Found a transporter.
 27795 | Lair:6   | Found a staircase to the Slime Pits.
 29121 | Lair:6   | Received a gift from Trog
 29896 | Lair:6   | Reached XP level 16. HP: 144/154 MP: 15/15
 30052 | Lair:6   | Gained mutation: You are clumsy. (Dex -2) [a neqoxec]
 30070 | Lair:6   | Reached skill level 17 in Fighting
 30086 | Lair:6   | Gained mutation: You are very clumsy. (Dex -4) [a neqoxec]
 30360 | Orc:2    | Bought a distressingly furry plate armour for 896 gold
                  | pieces
 30360 | Orc:2    | Identified the +0 plate armour "Guyjedong" {Dex+6 Stlth+}
                  | (You bought it in a shop on level 2 of the Orcish Mines)
 30723 | Shoals:1 | Entered Level 1 of the Shoals
 30898 | Shoals:1 | Acquired the ring "Xaeskumn" {rElec rPois rCorr Slay+4
                  | SInv}
 30975 | Shoals:1 | Reached skill level 15 in Shields
 31695 | Shoals:1 | Noticed a kraken
 32144 | Shoals:1 | HP: 4/232 [merfolk javelineer/javelin (11)]
 32146 | Shoals:1 | Hit by a javelin thrown by a merfolk javelineer

Illustrated notes

Levels and vault maps discovered:
D:1:      amcnicky_arrival_single_pillar, layout_basic, minmay_surrounded
D:2:      minmay_spotlight, layout_rooms, dreamdust_ecumenical_altar_grove,
          hangedman_decor_clover_reticule
D:3:      layout_loops_ring, mainiacjoe_overflow_alcove_2, serial_aquarium,
          aquarium_bridge_long_joined [aquarium_subvault_bridge,
          aquarium_subvault_wall, aquarium_subvault_window,
          aquarium_subvault_window, aquarium_subvault_window,
          aquarium_subvault_bridge], aquarium_bridge_straight
          [aquarium_subvault_bridge, aquarium_subvault_wall,
          aquarium_subvault_bridge, aquarium_subvault_wall],
          aquarium_window_fake, aquarium_window_1, aquarium_window_corridor_3,
          aquarium_window_1, aquarium_view_2e, uniq_grinder, uniq_ijyb
D:4:      layout_gridville, kennysheep_mini_moat, grunt_qazlal_sundering,
          minmay_fractal_squares_5, uniq_sigmund
D:5:      layout_gridville, minitemple, mainiacjoe_overflow_surrounded_room,
          kennysheep_orc_sif_temple, amethyst_overflow_temple_binary,
          serial_shops, nicolae_shop_statue_plus, kennysheep_potato
D:6:      layout_gridville, ashenzari_altar_1, minmay_temple_entry_waves,
          minivault_11
D:7:      layout_rooms, general_overflow_altar, grunt_gozag_breadcrumbs,
          grunt_tough_drop, uniq_menkaure
D:8:      layout_rooms, serial_co_window_serial, co_window_paths_b,
          co_window_corner_a, co_window_corner_a, co_window_paths_a,
          co_window_cross_1, co_window_2corner, co_window_cross_2,
          co_window_unsneaky_path_c, co_window_2corner,
          co_window_unsneaky_path_b, co_window_4corner_b, glass_columns_c,
          glass_columns_a, glass_columns_a, glass_columns_b, glass_columns_a,
          uniq_joseph, uniq_maurice
D:9:      layout_basic, nicolae_wu_jian_wuxing_cycle, serial_shops,
          nicolae_shop_statue_plus, shop, shop, shop, shop, kennysheep_donut,
          minivault_19, dilly_guarded_unrand_elemental_staff
D:10:     layout_loops_ring, due_lair_maze_entry_diamond, orc_0_dummy,
          feat_on_display, uniq_fannar
D:11:     layout_grid_maze
D:12:     layout_cave_pools, minmay_puff
D:13:     layout_rooms, special_room [special_room_orc], nicolae_specific_store,
          grunt_ministairs_11, kennysheep_generic_room_12, uniq_erolcha
Lair:1:   layout_misc_corridors, grunt_megastairs_5, minmay_lair_oklob_chamber,
          serial_bayou_shore_a
Lair:2:   layout_long_grid, portal_ice_cave_entry_ice_simulacra, st_stairs_3,
          infiniplex_staircase_pool, grunt_megastairs_3, uniq_gastronok
Lair:3:   layout_small_grid, kennysheep_rathole, serial_bayou_shore_b,
          lemuel_fruit_fields
Lair:4:   layout_loops_ring, minmay_shoals_entry_hut,
          nicolae_spider_entry_non_spiders, gammafunk_ghost_berserking_beasts,
          gauntlet_entry_generic, columned_hall_lemuel
Lair:5:   layout_gridlike, special_room [special_room_bee]
Lair:6:   evilmike_catoblepas_cave, layout_cave_shapes,
          minmay_slime_entry_pillars, special_room [special_room_mythical_zoo],
          gammafunk_ghost_abyssal_escape, minmay_hedge_maze,
          serial_bayou_crossing
Shoals:1: layout_shoals, nicolae_shoals_flooded_hall
Orc:1:    layout_diamond_mine, uniq_harold
Orc:2:    st_orc_town, layout_caves, nicolae_orc_lost_temple

Skill      XL: |  1  2  3  4  5  6  7  8  9 10 11 12 13 14 15 16 |
---------------+-------------------------------------------------+-----
Axes           | 4 5 6 7 9 10 | 10.9
Fighting       | 4 5 7 8 9 12 13 15 16 17 | 17.1
Throwing       | 1 2 3 4 5 6 7 9 |  9.9
Armour         | 3 4 5 6 7 8 10 11 12 | 12.0
Shields        | 2 6 8 9 12 14 15 | 15.2
Evocations     | 2 4 7 9 |  9.0
Maces & Flails | 2 7 10 12 14 | 14.7
Dodging        | |  2.1

Action                   |  1- 3 |  4- 6 |  7- 9 | 10-12 | 13-15 | 16-18 || total
-------------------------+-------+-------+-------+-------+-------+-------++-------
Melee: Hand axe          |   100 |    75 |   340 |       |       |       ||   515
       Headbutt          |    13 |    16 |    77 |   152 |   377 |    43 ||   678
       Morningstar       |       |       |     4 |   616 |   482 |       ||  1102
       Whip              |       |       |       |       |   750 |   183 ||   933
Throw: Stone             |    12 |     8 |    42 |    27 |    13 |       ||   102
       Boomerang         |       |     3 |    10 |     6 |    19 |    23 ||    61
       Dart              |       |       |       |       |     2 |       ||     2
Invok: Trog's Hand       |       |     1 |     3 |     3 |     2 |     2 ||    11
       Berserk           |       |     1 |     2 |     8 |     6 |     2 ||    19
       Brothers in Arms  |       |       |       |     1 |     4 |     2 ||     7
Evoke: Wand              |       |       |     1 |    20 |       |     1 ||    22
  Use: Scroll            |       |       |     9 |    10 |    14 |     5 ||    38
       Potion            |       |       |       |     3 |     3 |       ||     6
Armor: Plate armour      |    51 |    70 |   218 |   366 |    24 |       ||   729
       Animal skin       |     1 |       |       |       |       |       ||     1
       Chain mail        |       |       |       |       |   525 |   103 ||   628
Dodge: Dodged            |    38 |    12 |    96 |   165 |   338 |    54 ||   703
Block: Buckler           |       |       |     9 |   163 |   331 |    54 ||   557
